 Dungeon Crawl Stone Soup version 0.17-a0-910-ga669010 (webtiles) character file.

14963 hornqvist the Cleaver (level 12, -8/81 HPs)
             Began as a Formicid Fighter on May 2, 2015.
             Was an Initiate of Gozag.
             Mangled by Rupert
             ... wielding a +0 executioner's axe of electrocution
              (11 damage)
             ... on level 3 of the Lair of Beasts.
             The game lasted 00:14:56 (12616 turns).

hornqvist the Cleaver (Formicid Fighter)           Turns: 12616, Time: 00:14:57

Health: -8/81      AC: 19    Str: 31    XL:     12   Next: 51%
Magic:  0/12       EV: 15    Int:  8    God:    Gozag
Gold:   620        SH: 13    Dex: 14    Spells: 1 memorised, 8 levels left

rFire  + + .     SeeInvis +     F - +6 battleaxe (pain)
rCold  x . .     Clarity  .     w - +0 fire dragon armour
rNeg   . . .     SustAb   .     c - +0 shield
rPois  .         Gourm    .     (helmet unavailable)
rElec  .         Spirit   +     q - +1 cloak
rCorr  .         Warding  .     (no gloves)
rMut   .         Stasis   +     (no boots)
MR     +....                    K - amulet of guardian spirit
Stlth  ..........               N - +5 ring of protection
                                t - +4 ring of dexterity

@: mighty, somewhat resistant to hostile enchantments, extremely unstealthy
A: permanent stasis, dig shafts and tunnels, four strong arms, antennae 3
a: Dig, Shaft Self, Potion Petition, Call Merchant, Bribe Branch, Renounce
Religion


You were on level 3 of the Lair of Beasts.
You worshipped Gozag.
Gozag was noncommittal.
You were not hungry.

You visited 3 branches of the dungeon, and saw 15 of its levels.
You also visited: Ossuary and Volcano.

You collected 1698 gold pieces.
You paid 1078 gold pieces to Gozag.

Inventory:

Hand weapons
 a - a +0 war axe
 y - the +9 hand axe of Corporal Punishment {chop, rPois}
   (You found it on level 8 of the Dungeon)

   It inflicts extra damage upon your enemies.
   It protects you from poison.
 F - a +6 battleaxe of pain (weapon)
 O - a +0 great mace of flaming
Armour
 b - a +0 scale mail
 c - a +0 shield (worn)
 q - a +1 cloak (worn)
 w - a +0 fire dragon armour (worn)
 B - a +0 chain mail
 T - a +0 pair of boots
Jewellery
 t - a +4 ring of dexterity (left hand)
 K - an amulet of guardian spirit (around neck)
 N - a +5 ring of protection (right hand)
 P - a +2 ring of dexterity
Magical devices
 h - a wand of confusion (17)
 n - a wand of random effects (17)
 C - a wand of magic darts (20)
 H - a wand of flame (19)
 J - a wand of fireball (13)
 L - a wand of flame (28)
 Q - a wand of disintegration (17)
 R - a wand of polymorph (8)
 S - a wand of disintegration (8)
 U - a wand of slowing (17)
Scrolls
 f - 13 scrolls of identify
 p - 2 scrolls of recharging
 r - 3 scrolls of fear
 u - 4 scrolls of remove curse
 D - 2 scrolls of immolation
 E - 3 scrolls of fog
 V - 2 scrolls of enchant armour
Potions
 d - a potion of might
 g - 5 potions of magic
 i - a potion of cancellation {unknown}
 j - a potion of flight {unknown}
 k - 4 potions of heal wounds {unknown}
 l - 2 potions of invisibility {unknown}
 m - 3 potions of agility {unknown}
 o - 2 potions of curing
 s - 4 potions of brilliance {unknown}
 v - 4 potions of haste {unknown}
 x - 3 potions of resistance
 z - 4 potions of poison {unknown}
 A - 2 potions of berserk rage {unknown}
Books
 G - a book of Necromancy

   Spells                             Type                      Level
   a - Pain                           Necromancy                   1
   b - Animate Skeleton               Necromancy                   1
   c - Vampiric Draining              Necromancy                   3
   d - Regeneration                   Charms/Necromancy            3
   e - Animate Dead                   Necromancy                   4
   f - Control Undead                 Necromancy                   4
 I - a book of the Warp

   Spells                             Type                      Level
   a - Recall                         Summoning/Translocation      3
   b - Gell's Gravitas                Hexes/Translocation          3
   c - Control Teleport               Charms/Translocation         4
   d - Force Lance                    Conjuration/Translocation    4
   e - Phase Shift                    Translocation                5
   f - Warp Weapon                    Charms/Translocation         5
   g - Summon Forest                  Summoning/Translocation      5
Comestibles
 e - 14 bread rations
 M - 6 royal jellies


   Skills:
 - Level 3.2 Fighting
 * Level 12.2 Axes
 + Level 10.4 Armour
 + Level 8.2 Dodging
 + Level 10.6 Shields


You had 8 spell levels left.
You knew the following spells:

 Your Spells              Type           Power        Failure   Level  Hunger
a - Regeneration          Chrm/Necr      #.........   99%         3    ####...


Dungeon Overview and Level Annotations

Branches:
Dungeon (11/15)            Temple (1/1) D:5            Lair (3/8) D:10
  Swamp: Lair:3-6    Shoals: Lair:3-6     Snake: Lair:3-6    Spider: Lair:3-6
    Orc: D:9-12

Altars:
Ashenzari
Cheibriados
Dithmenos
Elyvilon
Fedhas
Gozag
Kikubaaqudgha
Makhleb
Nemelex Xobeh
Okawaru
Qazlal
Ru
Sif Muna
Trog
Vehumet
Xom
Yredelemnul
Zin
The Shining One

Shops:
D:13 ?

Annotations:
Lair:3 Rupert


Innate Abilities, Weirdness & Mutations

You are under a permanent stasis effect.
You can dig through walls and to a lower floor.
Your four strong arms can wield two-handed weapons with a shield.
You have a pair of large antennae on your head (SInv).


Message History

You barely miss Rupert.
Rupert hits you with an executioner's axe of electrocution!
You take 9 damage, and have 57/81 hp.
You now have 9/12 mp.
You slice Rupert!! You block Rupert's attack.
You barely miss Rupert. You block Rupert's attack.
You slice Rupert!! Rupert barely misses you.
Your fire dragon armour prevents you from hitting Rupert.
Rupert hits you with an executioner's axe of electrocution!!
* * * LOW HITPOINT WARNING * * *
You take 29 damage, and have 29/81 hp.
MASSIVE DAMAGE!!
You now have 5/12 mp.
You closely miss Rupert. Rupert completely misses you.
You slash Rupert! Rupert closely misses you.
You slice Rupert!!
Rupert hits you with an executioner's axe of electrocution!!
* * * LOW HITPOINT WARNING * * *
Rupert hits you with an executioner's axe of electrocution!
* * * LOW HITPOINT WARNING * * *
You are electrocuted!
You die...
Your body crumbles into a pile of gold.

.#......#............
.........#............
.........#..##.P.....
.....................
......................
$
.....................
........#.#.##.......
##......####........#
.......##..#@......#
......##..#.@....+..
......#...#.....#
....... ......# ##..#
.....+. ##. ...... #.
..... .. .... .


You could see Rupert (berserk).

Vanquished Creatures
  Gastronok (Lair:1)
  A hill giant (D:10)
  Pikel (D:8)
  An orc knight (Volcano)
  Joseph (D:7)
  2 spiny frogs
  A komodo dragon (Lair:1)
  A troll (D:9)
  Eustachio (D:6)
  Grum (D:8)
  A hungry ghost (D:7)
  3 hippogriffs
  4 fire bats (Volcano)
  3 wolves
  7 porcupines
  Duvessa (D:6)
  19 water moccasins (Lair:2)
  3 ice beasts
  An ogre (D:8)
  3 orc warriors
  A swamp drake (Lair:2)
  A sky beast (D:6)
  A wasp (D:8)
  3 slaves (D:8)
  A black bear (D:8)
  3 centaurs
  A phantom (D:4)
  4 crocodiles
  3 big kobolds
  2 elf zombies (Ossuary)
  Blork the orc (D:6)
  Dowan (D:6)
  12 giant frogs
  4 scorpions
  10 jellies
  5 wights (D:11)
  6 crimson imps
  12 killer bees
  4 hounds
  2 human zombies (Ossuary)
  6 lava snakes (Volcano)
  5 orc priests
  Crazy Yiuf (D:2)
  A centaur skeleton (D:8)
  3 iron imps (D:6)
  5 orc wizards
  11 worker ants
  7 iguanas
  2 big kobold zombies (Ossuary)
  A killer bee zombie (D:3)
  2 mummies (Ossuary)
  3 worker ant zombies
  16 river rats
  19 adders
  4 gnolls (D:5)
  3 shadow imps
  2 white imps (D:6)
  2 ufetubi (D:6)
  9 oozes
  4 adder zombies
  An adder skeleton (D:4)
  4 worms
  3 giant geckos
  25 orcs
  6 giant cockroaches
  6 goblins
  12 hobgoblins
  14 jackals
  6 quokkas
  2 ball pythons
  19 bats
  A giant gecko zombie (D:6)
  5 giant newts
  5 hobgoblin zombies (Ossuary)
  3 jackal zombies
  36 kobolds
  10 kobold zombies (Ossuary)
  10 orc zombies (Ossuary)
  12 rats
419 creatures vanquished.

Vanquished Creatures (others)
  A slave (D:8)
  An adder (Lair:2)
2 creatures vanquished.

Grand Total: 421 creatures vanquished

Notes
Turn   | Place    | Note
--------------------------------------------------------------
     0 | D:1      | hornqvist, the Formicid Fighter, began the quest for the Orb.
     0 | D:1      | Reached XP level 1. HP: 18/18 MP: 1/1
   174 | D:1      | Reached XP level 2. HP: 24/24 MP: 2/2
   721 | D:2      | Reached XP level 3. HP: 26/29 MP: 3/3
   970 | D:2      | Reached skill level 1 in Dodging
   970 | D:2      | Reached XP level 4. HP: 12/35 MP: 4/4
  1248 | D:2      | Found a bloodstained altar of Trog.
  1284 | D:2      | Reached skill level 4 in Shields
  1490 | D:2      | Found an ancient bone altar of Kikubaaqudgha.
  1799 | D:2      | Noticed Crazy Yiuf
  1805 | D:2      | Killed Crazy Yiuf
  1805 | D:2      | Reached XP level 5. HP: 35/41 MP: 5/5
  1853 | D:2      | Found a burning altar of Makhleb.
  1853 | D:2      | Found a sparkling altar of Nemelex Xobeh.
  1853 | D:2      | Found a snail-covered altar of Cheibriados.
  2463 | D:3      | Reached XP level 6. HP: 47/47 MP: 6/6
  3280 | D:4      | Reached XP level 7. HP: 33/52 MP: 7/7
  3442 | D:4      | Reached skill level 5 in Shields
  3497 | D:3      | Reached skill level 5 in Axes
  3804 | D:4      | Reached skill level 5 in Armour
  4142 | D:5      | Entered Level 5 of the Dungeon
  4256 | D:5      | Found a staircase to the Ecumenical Temple.
  4415 | D:5      | Found a white marble altar of Elyvilon.
  4451 | D:5      | Found an iron altar of Okawaru.
  4467 | D:5      | Reached XP level 8. HP: 27/58 MP: 8/8
  4943 | D:5      | Found a radiant altar of Vehumet.
  4973 | D:5      | Reached skill level 6 in Axes
  5172 | D:6      | Noticed Eustachio
  5176 | D:6      | Found a sand-covered staircase.
  5181 | Ossuary  | Entered an ossuary
  5477 | Ossuary  | Reached XP level 9. HP: 52/64 MP: 9/9
  5685 | D:6      | Killed Eustachio
  5685 | D:6      | Reached skill level 7 in Axes
  5846 | Temple   | Entered the Ecumenical Temple
  6199 | D:6      | Noticed Blork the orc
  6209 | D:6      | Killed Blork the orc
  6316 | D:6      | Noticed Duvessa
  6317 | D:6      | Noticed Dowan
  6322 | D:6      | Killed Duvessa
  6323 | D:6      | Killed Dowan
  6565 | D:7      | Found a basalt altar of Yredelemnul.
  6785 | D:7      | Noticed Joseph
  6808 | D:7      | Killed Joseph
  6808 | D:7      | Reached skill level 8 in Axes
  6808 | D:7      | Reached skill level 5 in Dodging
  7590 | D:8      | Noticed Grum
  7596 | D:8      | Reached XP level 10. HP: 54/70 MP: 10/10
  7888 | D:8      | Killed Grum
  7894 | D:8      | Got a slimy hand axe
  7895 | D:8      | Identified the +9 hand axe of Corporal Punishment {chop, rPois} (You found it on level 8 of the Dungeon)
  7928 | D:8      | Reached skill level 9 in Axes
  7936 | D:8      | Noticed Pikel
  7999 | D:8      | Killed Pikel
  8394 | D:8      | Found an opulent altar of Gozag.
  8395 | D:8      | Found a glowing silver altar of Zin.
  8579 | D:8      | Became a worshipper of Gozag Ym Sagoz the Greedy
  8785 | D:8      | Learned a level 3 spell: Regeneration
  8884 | D:9      | Reached skill level 10 in Axes
  9013 | D:9      | Reached XP level 11. HP: 23/75 MP: 11/11
  9312 | D:10     | Entered Level 10 of the Dungeon
  9420 | D:10     | Found a staircase to the Lair.
  9763 | D:10     | Noticed a hill giant
  9773 | D:10     | Killed a hill giant
 10106 | D:11     | Noticed a six-headed hydra
 10203 | Lair:1   | Entered Level 1 of the Lair of Beasts
 10335 | Lair:1   | Found a dark tunnel.
 10394 | Volcano  | Entered a volcano
 10598 | Volcano  | Noticed a firespitter statue
 10634 | Volcano  | Noticed a firespitter statue
 10711 | Volcano  | Noticed a firespitter statue
 10714 | Volcano  | Noticed a firespitter statue
 10715 | Volcano  | Noticed a firespitter statue
 10720 | Volcano  | Noticed an orc knight
 10721 | Volcano  | Found a burning altar of Makhleb.
 10736 | Volcano  | Killed an orc knight
 10736 | Volcano  | Reached skill level 11 in Axes
 11166 | Lair:1   | Noticed Gastronok
 11183 | Lair:1   | Killed Gastronok
 11183 | Lair:1   | Reached skill level 10 in Shields
 11343 | Lair:1   | Reached XP level 12. HP: 81/81 MP: 12/12
 12049 | Lair:2   | Reached skill level 10 in Armour
 12085 | Lair:2   | Reached skill level 12 in Axes
 12599 | Lair:3   | Noticed Rupert
 12616 | Lair:3   | HP: 3/81 [Rupert/executioner's axe of electrocution (9)]
 12616 | Lair:3   | Mangled by Rupert

Action                   |  1- 3 |  4- 6 |  7- 9 | 10-12 || total
-------------------------+-------+-------+-------+-------++-------
Melee: War axe           |   106 |   256 |   372 |       ||   734
       Battleaxe         |       |       |    82 |   462 ||   544
       Hand axe          |       |       |       |    76 ||    76
Invok: Potion Petition   |       |       |       |     2 ||     2
       Call Merchant     |       |       |       |     1 ||     1
 Abil: Dig               |       |       |       |     4 ||     4
  Use: Scroll            |       |       |    11 |     6 ||    17
       Potion            |       |       |       |     5 ||     5
 Stab: Distracted        |       |       |       |    10 ||    10
       Confused          |       |       |       |     1 ||     1
  Eat: Chunk             |       |     8 |    12 |     3 ||    23
       Pizza             |       |       |     1 |     2 ||     3
       Beef jerky        |       |       |     1 |     1 ||     2
       Royal jelly       |       |       |       |     4 ||     4
       Meat ration       |       |       |       |     1 ||     1
